 Dungeon Crawl Stone Soup version 0.30.1-11-g7821555f0a (webtiles) character file.

Game seed: 17136429228576323793

809 RancidPinata the Trooper (level 7, -4/46 HPs)
             Began as a Gargoyle Gladiator on Nov 20, 2023.
             Was an Initiate of Okawaru.
             Slain by an orc
             ... wielding a +0 flail
              (12 damage)
             ... on level 5 of the Dungeon.
             The game lasted 00:20:09 (5181 turns).

RancidPinata the Trooper (Gargoyle Gladiator)       Turns: 5181, Time: 00:20:10

Health: -4/46      AC: 17    Str: 23    XL:     7   Next: 92%
Magic:  7/7        EV: 11    Int:  8    God:    Okawaru [......]
Gold:   80         SH:  0    Dex: 11    Spells: 6/6 levels left

rFire   . . .        r - +0 morningstar
rCold   . . .        (no shield)
rNeg    + . .        y - +4 ring mail of Contentment {Str+3}
rPois   ∞            c - +0 helmet
rElec   +            (no cloak)
rCorr   .            (no gloves)
SInv    .            A - +0 pair of boots
Will    .....        s - amulet of regeneration
Stlth   +            (no ring)
HPRegen 1.07/turn    (no ring)
MPRegen 0.10/turn

%: no passive effects
@: no status effects
A: sickness immunity, AC +4, negative energy resistance 1, electricity
resistance, torment resistance 1, petrification resistance
a: Renounce Religion


You were on level 5 of the Dungeon.
You worshipped Okawaru.
Okawaru was noncommittal.
You visited 2 branches of the dungeon, and saw 6 of its levels.

You collected 305 gold pieces.
You spent 225 gold pieces at shops.

Inventory:

Hand Weapons
 a - a +0 flail
 r - a +0 morningstar (weapon)
Missiles
 d - 3 throwing nets
 e - 5 javelins
 g - 23 stones (quivered)
 h - 11 poisoned darts
 w - 4 boomerangs
Armour
 c - a +0 helmet (worn)
 y - the +4 ring mail of Contentment (worn) {Str+3}
   (You bought it in a shop on level 1 of the Dungeon)

   Str:       It affects your strength (+3).
 A - a +0 pair of boots (worn)
 F - a +2 kite shield
Jewellery
 s - an amulet of regeneration (around neck)
Wands
 t - a wand of polymorph (14)
Scrolls
 b - a scroll of fear
 f - 3 scrolls of teleportation {unknown}
 i - 3 scrolls of identify {unknown}
 l - a scroll of vulnerability {unknown}
 o - a scroll of magic mapping {unknown}
 q - a scroll of fog {unknown}
 v - a scroll of immolation {unknown}
 B - a scroll of poison {unknown}
 E - a scroll of blinking {unknown}
Potions
 j - 2 potions of curing {unknown}
 k - 2 potions of lignification {unknown}
 m - 2 potions of heal wounds
 n - a potion of degeneration {unknown}
 p - 2 potions of might {unknown}
 u - a potion of attraction {unknown}
 x - 2 potions of mutation {unknown}
 z - a potion of invisibility {unknown}
 C - a potion of magic {unknown}
 D - a potion of ambrosia {unknown}


   Skills:
 * Level 6.2 Fighting
 + Level 4.8 Maces & Flails
 + Level 3.7 Throwing
 + Level 3.8 Armour
 - Level 2.4 Dodging
 + Level 1.3 Shields


You had 6 spell levels left.
You didn't know any spells.
Your spell library contained the following spells:

 Spells                   Type           Power      Damage    Failure   Level
 Freeze                   Ice            0%         1d3       56%         1
 Wereblood                Tmut           0%         N/A       71%         2
 Frozen Ramparts          Ice            0%         1d1       90%         3
 Hailstorm                Conj/Ice       0%         3d3       90%         3
 Passage of Golubria      Tloc           0%         N/A       100%        4
 Silence                  Hex/Air        0%         N/A       100%        5
 Lehudib's Crystal Spear  Conj/Erth      0%         10d2      100%        8
 Summon Small Mammal      Summ           Unusable   N/A       N/A         1
 Sublimation of Blood     Necr           Unusable   N/A       N/A         2
 Call Canine Familiar     Summ           Unusable   N/A       N/A         3
 Summon Guardian Golem    Hex/Summ       Unusable   N/A       N/A         3
 Summon Hydra             Summ           Unusable   N/A       N/A         7

Dungeon Overview and Level Annotations

Branches:
Dungeon (5/15)             Temple (1/1) D:5

Altars:
Cheibriados
Elyvilon
Fedhas
Gozag
Hepliaklqana
Makhleb
Nemelex Xobeh
Okawaru
Qazlal
Ru
Sif Muna
Trog
Uskayaw
Vehumet
Wu Jian
Xom
Zin
The Shining One

Shops:
D:1 ![[


Innate Abilities, Weirdness & Mutations

You are immune to sickness and miasma.
Your stone body is resilient. (AC +4)
You are immune to poison.
You resist negative energy. (rN+)
You are resistant to electric shocks. (rElec)
You are resistant to unholy torment.
You are immune to petrification.


Message History

A howler monkey comes into view.
The howler monkey howls!
The howler monkey closely misses you.
You hit the howler monkey but do no damage.
The howler monkey completely misses you.
The howler monkey barely misses you.
You closely miss the howler monkey. The howler monkey closely misses you.
You sock the howler monkey!
The howler monkey is severely wounded.
The howler monkey hoots and howls with incredible vigour!
The howler monkey completely misses you.
You closely miss the howler monkey.
The howler monkey is severely wounded.
The howler monkey hoots and howls with incredible vigour!
You puncture the howler monkey!
You kill the howler monkey!
Okawaru accepts your kill.
An orc comes into view. It is wielding a +0 flail.
The orc shouts!
The orc drinks a potion.
The orc goes berserk!
You hit the orc but do no damage. The orc hits you but does no damage. x2
You barely miss the orc. The orc barely misses you.
The orc hits you with a +0 flail!
You hit the orc but do no damage. The orc hits you with a +0 flail!
The orc hits you with a +0 flail.
You hit the orc.
The orc is heavily wounded.
The orc hits you with a +0 flail.
* * * LOW HITPOINT WARNING * * *
The orc hits you with a +0 flail.
* * * LOW HITPOINT WARNING * * *
You barely miss the orc.
The orc is moderately wounded.
The orc hits you but does no damage. x2
You barely miss the orc.
The orc is moderately wounded.
The orc hits you with a +0 flail.
* * * LOW HITPOINT WARNING * * *
The orc hits you with a +0 flail!
You die...

####..#########..##...†≈≈≈≈≈≈≈≈.
#............##..#.#............
#.##..######.##...###....#.#....
#.##..# #.##.##.#†####<#.####
#.##..### #.##........#...##
#.##|...####.##.######..##..##
#............##.# ≈≈≈#.###.#.#
#..#.##.####.#.o# _>≈#.....#.#
#..#.#..>###.#.@# 8≈#..#..#.###
#<.#.#..........# §§#..........
#...............####'#.#...#####
##.#...................##..#####
#.......###.........####.......
#.........).#..[......##.######
##.......###..#..#####.##.#
#.............#..#####.##.#
#........###..#....)##.##>#


You could see an orc (berserk).

Vanquished Creatures
  A steam dragon (D:5)
  A water moccasin (D:4)
  A scorpion (D:5)
  A howler monkey (D:5)
  A jelly (D:5)
  2 hounds (D:5)
  An iguana (D:5)
  Terence (D:3)
  2 orc wizards
  A sleepcap (D:5)
  Robin (D:3)
  5 gnolls
  7 adders
  A worm (D:4)
  2 dart slugs
  20 orcs
  5 ball pythons
  7 endoplasms
  6 giant cockroaches
  14 goblins
  6 hobgoblins
  7 jackals
  13 kobolds
  3 quokkas
  3 bats
  5 frilled lizards
  8 rats
125 creatures vanquished.

Notes
Turn   | Place    | Note
-------+----------+-------------------------------------------
     0 | D:1      | RancidPinata the Gargoyle Gladiator began the quest for the
                  | Orb.
     0 | D:1      | Reached XP level 1. HP: 12/12 MP: 1/1
    10 | D:1      | Found Wiumexuj's Distillery.
    12 | D:1      | Found a faded altar of an unknown god.
    37 | D:1      | Found Atyratem's Armour Shop.
   336 | D:1      | Reached XP level 2. HP: 18/18 MP: 2/2
   509 | D:1      | Found Cour's Antique Armour Boutique.
   816 | D:1      | Reached skill level 1 in Armour
  1020 | D:2      | Reached XP level 3. HP: 22/22 MP: 3/3
  1239 | D:2      | Reached skill level 3 in Fighting
  1340 | D:2      | Identified the +2 robe "Jahit" {Fly rC+ Int+3}
  1901 | D:3      | Reached XP level 4. HP: 27/28 MP: 4/4
  1990 | D:3      | Noticed Terence
  2020 | D:3      | Killed Terence
  2283 | D:3      | Found a glowing golden altar of the Shining One.
  2328 | D:3      | Reached XP level 5. HP: 33/33 MP: 5/5
  2525 | D:3      | Found a white marble altar of Elyvilon.
  2622 | D:3      | Reached skill level 4 in Fighting
  3215 | D:3      | Found a glowing silver altar of Zin.
  3324 | D:4      | Noticed Robin
  3359 | D:3      | Killed Robin
  3794 | D:1      | Bought a faintly glowing ring mail for 225 gold pieces
  3794 | D:1      | Identified the +4 ring mail of Contentment {Str+3} (You
                  | bought it in a shop on level 1 of the Dungeon)
  4064 | D:4      | Noticed a water moccasin
  4072 | D:4      | Killed a water moccasin
  4073 | D:4      | Reached XP level 6. HP: 40/40 MP: 6/6
  4076 | D:4      | Found a blossoming altar of Fedhas.
  4326 | D:4      | Reached skill level 5 in Fighting
  4574 | D:5      | Entered Level 5 of the Dungeon
  4624 | D:5      | Reached XP level 7. HP: 44/44 MP: 7/7
  4673 | D:5      | Found an iron altar of Okawaru.
  4704 | D:5      | Became a worshipper of Warmaster Okawaru
  4850 | D:5      | Found a staircase to the Ecumenical Temple.
  4856 | Temple   | Entered the Ecumenical Temple
  5001 | D:5      | Noticed a steam dragon
  5009 | D:5      | Killed a steam dragon
  5010 | D:5      | Reached skill level 6 in Fighting
  5010 | D:5      | Reached skill level 1 in Shields
  5149 | D:5      | Found a shimmering altar of Xom.
  5181 | D:5      | Slain by an orc

Illustrated notes

Levels and vault maps discovered:
D:1:      heliophobic_arrival_henge, layout_loops_cross, serial_shops, shop,
          nicolae_shop_behind_doors, nicolae_shop_just_a_little_nook,
          hellmonk_ecumenical_altar_run_dry, nicolae_kite_square_tiling_tiny
D:2:      layout_basic, serial_glass, glass_columns_a, glass_columns_b,
          glass_columns_c, glass_columns_b, glass_columns_a, glass_columns_b,
          glass_columns_a, glass_columns_a, feat_on_display,
          minmay_strange_pillars
D:3:      minmay_chambers_of_twos, layout_basic, lemuel_tele_altar,
          overflow_temple_1_default, marbit_many_paths, uniq_terence
D:4:      layout_basic, fedhas_altar_3, uniq_robin
D:5:      layout_loops_ring, general_overflow_altar,
          mainiacjoe_overflow_concentric_impassable, minmay_temple_entry_tees,
          chequers_serial_rivers_marsh
Temple:   hellmonk_temple_two_chambers

Skill      XL: |  1  2  3  4  5  6  7 |
---------------+----------------------+-----
Throwing       | 2 3 |  3.7
Armour         | 1 2 3 |  3.8
Fighting       | 3 4 5 6 |  6.2
Maces & Flails | 4 |  4.8
Shields        | 1 |  1.3
Dodging        | |  2.4

Action                     |  1- 3 |  4- 6 |  7- 9 || total
---------------------------+-------+-------+-------++-------
  Melee: Flail             |   157 |    31 |       ||   188
         Punch             |     2 |     2 |     1 ||     5
         Morningstar       |       |   180 |    51 ||   231
  Throw: Dart              |       |     2 |       ||     2
         Javelin           |       |     1 |       ||     1
         Stone             |       |     5 |       ||     5
    Use: Scroll            |     1 |       |       ||     1
 Armour: Leather armour    |    21 |       |       ||    21
         Ring mail         |    45 |    35 |    24 ||   104
         Chain mail        |       |   114 |       ||   114
  Dodge: Dodged            |   113 |   124 |    41 ||   278
